 Dungeon Crawl Stone Soup version 0.30.0-5-g1a98f26d00 (webtiles) character file.

Game seed: 3101276069199545259

91 RascalDebosk the Magician (level 4, -8/31 HPs)
             Began as a Djinni Earth Elementalist on May 12, 2023.
             Killed by divine providence
             ... invoked by an orc priest
              (11 damage)
             ... on level 2 of the Dungeon.
             The game lasted 00:10:00 (1203 turns).

RascalDebosk the Magician (DjEE)                    Turns: 1203, Time: 00:10:01

Health: -8/31      AC:  2    Str:  7    XL:     4   Next: 87%
Gold:   99         EV: 12    Int: 18    God:
                   SH:  0    Dex: 14

rFire   + + .        s - +0 dagger
rCold   x . .        k - orb {light}
rNeg    . . .        a - +0 robe
rPois   ∞            (no helmet)
rElec   .            (no cloak)
rCorr   .            (no gloves)
SInv    .            (boots unavailable)
Will    .....        (no amulet)
Stlth   +            (no ring)
HPRegen 0.25/turn    (no ring)
MPRegen 0.00/turn

%: infuse magic (-9 HP)
@: flying, glowing
A: sickness immunity, fire resistance 2, cold vulnerability 1, float, innate
caster, HP casting, extra vitality 1
a: no special abilities


You were on level 2 of the Dungeon.
You visited 1 branch of the dungeon, and saw 2 of its levels.

You collected 99 gold pieces.

Inventory:

Hand Weapons
 s - a +0 dagger (weapon)
Armour
 a - a +0 robe (worn)
 k - an orb of light (worn)
Scrolls
 c - 3 scrolls of identify {unknown}
 d - a scroll of immolation
 f - 2 scrolls of noise {unknown}
 h - a scroll of torment {unknown}
 j - a scroll of fear {unknown}
Potions
 b - a potion of degeneration {unknown}
 e - a potion of attraction {unknown}
 g - a potion of mutation {unknown}
 i - 3 potions of curing {unknown}
 l - a potion of berserk rage {unknown}
 m - a potion of might {unknown}


   Skills:
 * Level 0.2 Fighting
 + Level 0.1 Armour
 - Level 2.1 Dodging
 - Level 1.5 Stealth
 + Level 0.1 Shields
 * Level 4.0 Spellcasting
 + Level 0.1 Evocations


You knew the following spells:

 Your Spells              Type           Power      Damage    Failure   Level
a - Sandblast             Erth           36%        2d10      2%          1
b - Passwall              Tmut/Erth      15%        N/A       4%          2
c - Stone Arrow           Conj/Erth      36%        3d9       9%          3
d - Petrify               Tmut/Erth      18%        N/A       28%         4
e - Apportation           Tloc           36%        N/A       2%          1
Your spell library was empty.

Dungeon Overview and Level Annotations

Branches:
Dungeon (2/15)

Altars:

Shops:
D:1 [


Innate Abilities, Weirdness & Mutations

You are immune to sickness and miasma.
You are immune to poison.
Your flesh is very heat resistant. (rF++)
You are vulnerable to cold. (rC-)
You float through the air rather than walking.
You learn spells naturally, not from books.
Your magical power is your life essence.
You have superior vitality. (+4 MHP)


Message History

Found 7 gold pieces.
There is an open door here.
You now have 99 gold pieces (gained 7).
A goblin comes into view. It is wielding a +0 club.
The goblin shouts!
Casting: Sandblast (safe; 3% risk of failure)
Confirm with . or Enter, or press ? or * to list all spells.
Aiming: Sandblast (safe; 3% risk of failure)
Press: ? - help, Shift-Dir - straight line, f - goblin
Aim: a goblin, wielding a +0 club (haloed, 83% to hit)
The blast of sand hits the goblin!
You kill the goblin!
Things that are here:
a +0 club; a goblin corpse
Found a stone staircase leading up.
Things that are here:
a +0 club; a goblin corpse
Found a stone staircase leading down.
There is a stone staircase leading down here.
An orc and an orc priest come into view.
The orc shouts!
Casting: Sandblast (safe; 3% risk of failure)
Confirm with . or Enter, or press ? or * to list all spells.
You can't see any susceptible monsters within range! (Use Z to cast anyway.)
The orc priest shouts!
You hear a shout!
An orc comes into view. It is wielding a +0 whip.
An orc priest comes into view. It is wielding a +1 whip of venom.
You hear a shout!
The orc priest calls down the wrath of Beogh upon you.
Beogh smites you!
There is a stone staircase leading down here.
The orc priest miscasts a cantrip.
Casting: Sandblast (safe; 3% risk of failure)
Confirm with . or Enter, or press ? or * to list all spells.
Aiming: Sandblast (safe; 3% risk of failure)
Press: ? - help, Shift-Dir - straight line, f - orc
Aim: an orc, wielding a +0 short sword and wearing a +0 leather armour (haloed, 86% to hit)
The blast of sand hits the orc!
You kill the orc!
Casting: Sandblast (safe; 3% risk of failure)
Confirm with . or Enter, or press ? or * to list all spells.
Aiming: Sandblast (safe; 3% risk of failure)
Press: ? - help, Shift-Dir - straight line, f - orc priest
Aim: an orc priest, wielding a +0 war axe (haloed, 86% to hit)
The blast of sand hits the orc priest.
The orc priest is moderately wounded.
Casting: Sandblast (safe; 3% risk of failure)
Confirm with . or Enter, or press ? or * to list all spells.
Aiming: Sandblast (safe; 3% risk of failure)
Press: ? - help, Shift-Dir - straight line, f/p - orc priest
Aim: an orc priest, wielding a +0 war axe (moderately wounded, haloed, 86% to hit)
The blast of sand misses the orc priest.
The orc priest hits you with a +0 war axe.
Casting: Sandblast (safe; 3% risk of failure)
Confirm with . or Enter, or press ? or * to list all spells.
Aiming: Sandblast (safe; 3% risk of failure)
Press: ? - help, Shift-Dir - straight line, f/p - orc priest
Aim: an orc priest, wielding a +0 war axe (moderately wounded, haloed, 86% to hit)
The blast of sand hits the orc priest!
The orc priest is almost dead.
The orc priest barely misses you.
Casting: Sandblast (safe; 3% risk of failure)
Confirm with . or Enter, or press ? or * to list all spells.
Aiming: Sandblast (safe; 3% risk of failure)
Press: ? - help, Shift-Dir - straight line, f/p - orc priest
Aim: an orc priest, wielding a +0 war axe (almost dead, haloed, 86% to hit)
The blast of sand hits the orc priest!
You kill the orc priest!
Training target 4.0 for Spellcasting reached!
Your Spellcasting skill increases to level 4!
You need to enable at least one skill for training.
Things that are here:
a +0 war axe; an orc corpse
Things that are here:
a +0 short sword; a +0 leather armour
There is a stone staircase leading down here.
An orc wizard comes into view. It is wielding a +0 dagger.
The orc wizard shouts!
An orc priest comes into view. It is wielding a +0 hand axe.
The orc priest shouts!
The orc shouts!
The orc priest shouts!
The orc wizard casts a spell.
The orc wizard flickers and vanishes!
Deactivating autopickup; reactivate with Ctrl-A.
You hear a shout!
An orc comes into view. It is wielding a +0 mace.
The orc throws a boomerang.
The boomerang hits you.
The orc priest invokes the aid of Beogh against you.
Pain shoots through your body!
The orc throws a boomerang.
The boomerang hits you.
* * * LOW HITPOINT WARNING * * *
The orc throws a boomerang.
The boomerang barely misses you.
Something tries to affect you, but you resist.
There is a stone staircase leading down here.
The orc priest begins to cast a cantrip, but forgets the words!
The orc priest mumbles some strange prayers to Beogh against you.
Beogh smites you!
* * * LOW HITPOINT WARNING * * *
The orc priest calls down the wrath of Beogh upon you.
Beogh smites you!
You die...

.## #.# ..###.#
######..##.#########
........##.........#
#####...##########.#
......#..# #.#
...8..#..## #)#
.......oo.########.#
.......o.o>....@.).#
.......#############
...8..# ......
#####.


You could see 2 orc priests.

Vanquished Creatures
  An orc priest (D:2)
  A gnoll (D:1)
  2 dart slugs (D:1)
  An orc (D:2)
  3 bats (D:1)
  7 endoplasms
  2 giant cockroaches
  3 goblins
  2 hobgoblins (D:1)
  8 jackals (D:1)
  2 kobolds
  A quokka (D:1)
  3 ball pythons (D:1)
  2 frilled lizards
  6 rats
44 creatures vanquished.

Notes
Turn   | Place    | Note
-------+----------+-------------------------------------------
     0 | D:1      | RascalDebosk the Djinni Earth Elementalist began the quest
                  | for the Orb.
     0 | D:1      | RascalDebosk set off with the following spells memorised:
                  | Sandblast, Passwall, Stone Arrow, Petrify.
     0 | D:1      | Reached XP level 1. HP: 15/15 MP: 0/0
    15 | D:1      | Reached XP level 2. HP: 8/21 MP: 0/0
   118 | D:1      | Reached skill level 3 in Spellcasting
   138 | D:1      | Reached XP level 3. HP: 24/25 MP: 0/0
   138 | D:1      | Learned a level 1 spell: Apportation
   161 | D:1      | Found a faded altar of an unknown god.
   303 | D:1      | Found Acko Rij's Antique Armour Shop.
   407 | D:1      | Reached XP level 4. HP: 19/31 MP: 0/0
  1151 | D:2      | Reached skill level 4 in Spellcasting
  1203 | D:2      | Killed from afar by an orc priest

Illustrated notes

Levels and vault maps discovered:
D:1:      scummos_arrival_checkerplants, layout_basic, serial_shops,
          nicolae_shop_behind_doors, hellmonk_ecumenical_altar_blasted,
          minmay_split_cup_large
D:2:      cheibrodos_pilgrimage, layout_basic, minivault_23

Skill      XL: |  1  2  3  4 |
---------------+-------------+-----
Spellcasting   | 3 4 |  4.0
Fighting       | |  0.2
Armour         | |  0.1
Dodging        | |  2.1
Stealth        | |  1.5
Shields        | |  0.1
Evocations     | |  0.1

Action                     |  1- 3 |  4- 6 || total
---------------------------+-------+-------++-------
   Cast: Sandblast         |    42 |    17 ||    59
 Armour: Robe              |     4 |     1 ||     5
  Dodge: Dodged            |    17 |     2 ||    19
